 Dungeon Crawl Stone Soup version 0.31-a0-799-g6bc09d010c (webtiles) character file.

Game seed: 17828297167287983630

461 ytrimaz the Ruffian (level 6, -1/70 HPs)
             Began as a Draconian Shapeshifter on Sept 19, 2023.
             Slain by a killer bee (7 damage)
             ... on level 4 of the Dungeon.
             The game lasted 00:03:52 (3358 turns).

ytrimaz the Ruffian (Draconian Shapeshifter)        Turns: 3358, Time: 00:03:52

Health: -1/70      AC: 23    Str: 17    XL:     6   Next: 79%
Magic:  6/6        EV:  2    Int: 10    God:
Gold:   172        SH:  0    Dex: 12    Spells: 5/5 levels left

rFire   . .          .
                       - Unarmed
rCold   . . .        (no shield)
rNeg    . . .        (body armour unavailable)
rPois   +            (helmet currently unavailable)
rElec   .            (cloak currently unavailable)
rCorr   .            (gloves currently unavailable)
SInv    .            (boots currently unavailable)
Will    .....        (no amulet)
Stlth   +            (no ring)
HPRegen 0.31/turn    (no ring)
MPRegen 0.10/turn

%: no passive effects
@: mighty, tree-form
A: stationary, stasis, torment immunity, boosted hp, AC +6, unfitting armour,
(cold-blooded)
a: no special abilities


You were on level 4 of the Dungeon.
You were a tree.
You visited 1 branch of the dungeon, and saw 4 of its levels.

You collected 172 gold pieces.


Innate Abilities, Weirdness & Mutations

You are a tree.
Your roots penetrate the ground, keeping you stationary.
You cannot be teleported.
You are immune to unholy pain and torment.
Your maximum health is greatly increased.
Your equipment is partially melded.
((Your plain brown scales are hard. (AC +6)))
You cannot fit into any form of body armour.
((You are cold-blooded and may be slowed by cold attacks.))


   Skills:
 - Level 1.1 Fighting
 - Level 1.7 Dodging
 + Level 5.8 Unarmed Combat
 + Level 5.5 Shapeshifting


You had 5 spell levels left.
You didn't know any spells.
Your spell library contained the following spells:

 Spells                   Type           Power      Damage    Failure   Level
 Poisonous Vapours        Pois/Air       0%         N/A       50%         2
 Dazzling Flash           Conj/Hex       0%         N/A       75%         3
 Mephitic Cloud           Conj/Pois/Air  0%         N/A       75%         3
 Summon Guardian Golem    Hex/Summ       0%         N/A       75%         3
 Tukima's Dance           Hex            0%         N/A       75%         3
 Volatile Blastmotes      Fire/Tloc      0%         2d10      75%         3
 Dimensional Bullseye     Hex/Tloc       0%         N/A       98%         4
 Fulminant Prism          Conj/Hex       0%         3d5       98%         4
 Iskenderun's Mystic Bla  Conj/Tloc      0%         2d3       98%         4
 Agony                    Necr           0%         N/A       100%        5
 Freezing Cloud           Conj/Ice/Air   0%         6-21      100%        5
 Silence                  Hex/Air        0%         N/A       100%        5
 Orb of Destruction       Conj           0%         9d5       100%        7
 Spellforged Servitor     Conj/Summ      0%         N/A       100%        7

Inventory:

Missiles
 q - a throwing net
Jewellery
 h - an amulet of faith
   (You found it on level 1 of the Dungeon)
 n - a ring of resist corrosion
   (You found it on level 2 of the Dungeon)
Talismans
 b - a beast talisman
 c - a flux talisman
Scrolls
 g - 3 scrolls of revelation {unknown}
 i - 6 scrolls of identify {unknown}
 j - 2 scrolls of vulnerability {unknown}
 k - a scroll of amnesia {unknown}
 l - 2 scrolls of enchant armour {unknown}
 p - a scroll of silence {unknown}
 s - a scroll of enchant weapon {unknown}
Potions
 d - a potion of berserk rage {unknown}
 e - a potion of magic {unknown}
 m - a potion of heal wounds
 o - a potion of haste {unknown}
 r - a potion of degeneration {unknown}

Dungeon Overview and Level Annotations

Branches:
Dungeon (4/15) Zot: 20665
 Temple: D:4-7

Altars:
Makhleb
Xom

Shops:
D:3

( #........ #.......#
#.#####.# ##.#####.#
####......#.#######
..........#.#.....# ##
....[.........##### ..
..........#.########.#####
..........#.....♣yS.......
......#.###..#######......
..)...#.# #..# .....
#####.#.# #..# #### #.#.#
#... #. #... #...# #...#


You could see a killer bee and an adder.


Message History

The killer bee stings you but does no damage. x2 😱 HP[+1]
You are too injured to fight recklessly!
You smack the killer bee!
Your transformation is almost over.
The killer bee stings you but does no damage.
You pummel the killer bee!!
You kill the killer bee!
You miss the killer bee. You punch the killer bee.
The killer bee stings you but does no damage. x2
Unknown command.
You are too injured to fight recklessly!
You hit the killer bee but do no damage.
The killer bee stings you but does no damage. x2 😱 HP[+1]
You closely miss the killer bee.
The killer bee stings you but does no damage. x2
You are too injured to fight recklessly!
Unknown command.
You miss the killer bee.
The killer bee stings you but does no damage.
You completely miss the killer bee. The killer bee stings you.
* * * LOW HITPOINT WARNING * * *
The killer bee stings you but does no damage. 😱 HP[-5]
You take 5 damage, and now have 11/70 hp.
You are too injured to fight recklessly!
You smack the killer bee!
The killer bee stings you but does no damage. x2 😱 HP[+1]
You are too injured to fight recklessly!
Unknown command.
You closely miss the killer bee.
The killer bee stings you but does no damage.
The killer bee stings you.
* * * LOW HITPOINT WARNING * * *
😱 HP[-5]
You take 5 damage, and now have 7/70 hp.
You smack the killer bee!
You kill the killer bee!
The killer bee stings you.
* * * LOW HITPOINT WARNING * * *
😱 HP[-2]
You take 2 damage, and now have 5/70 hp.
You are too injured to fight recklessly!
Unknown command.
You hit the killer bee but do no damage.
You feel less wooden.
You turn into a hulking beast.
The killer bee closely misses you. 😱 HP[-1]
You now have 47 max hp (-23).
You punch the killer bee! The killer bee completely misses you.
The killer bee closely misses you.
Unknown command.
You hit the killer bee but do no damage.
The killer bee stings you but does no damage.
The killer bee closely misses you.
Unknown command.
It was a potion of might.
You feel very mighty all of a sudden. The killer bee misses you.
The killer bee closely misses you.
It was a potion of heal wounds.
You feel much better.
The killer bee stings you but does no damage.
The killer bee stings you.
* * * LOW HITPOINT WARNING * * *
😨 HP[+11]
You regained 11 hp, and now have 15/47 hp.
You miss the killer bee. The killer bee closely misses you. x2
You miss the killer bee. The killer bee barely misses you.
The killer bee closely misses you.
You miss the killer bee. The killer bee barely misses you.
You miss the killer bee. The killer bee closely misses you.
The killer bee stings you.
* * * LOW HITPOINT WARNING * * *
You hit the killer bee. Your punch misses the killer bee.
The killer bee stings you.
* * * LOW HITPOINT WARNING * * *
The killer bee stings you.
* * * LOW HITPOINT WARNING * * *
😱 HP[-4]
You take 4 damage, and now have 11/47 hp.
Unknown command.
You punch the killer bee!
You kill the killer bee!
The killer bee closely misses you.
You barely miss the killer bee. Your punch misses the killer bee.
The killer bee barely misses you. The killer bee stings you!
* * * LOW HITPOINT WARNING * * *
😱 HP[-8]
You take 8 damage, and now have 3/47 hp.
You miss the killer bee. You tail-slap the killer bee!
The killer bee misses you. 😱 HP[+1] Unknown command.
Unknown command.
Your transformation has ended.
You turn into a tree.
Your roots penetrate the ground.
The killer bee stings you but does no damage.
The killer bee stings you!
You die...

Skill      XL: |  1  2  3  4  5  6 |
---------------+-------------------+-----
Unarmed Combat | 4 5 |  5.8
Shapeshifting  | 4 5 |  5.5
Fighting       | |  1.1
Dodging        | |  1.7

Action                     |  1- 3 |  4- 6 || total
---------------------------+-------+-------++-------
  Melee: Unarmed           |   136 |   146 ||   282
         Tailslap          |    12 |    11 ||    23
         Punch             |     1 |     6 ||     7
    Use: Potion            |       |     4 ||     4
   Stab: Sleeping          |     1 |       ||     1
 Armour: Skin              |    65 |   101 ||   166
  Dodge: Dodged            |    77 |    75 ||   152

Levels and vault maps discovered:
D:1:      wander_arrival_chamber, layout_basic, chequers_ecumenical_altar_simple
D:2:      layout_basic, minmay_misc_feat_secret_circle
D:3:      layout_loops_cross, grunt_temple_overflow_champion_of_chaos,
          serial_shops, nicolae_shop_bloodbath_and_beyond,
          hangedman_abyss_or_decor_lesser_grid
D:4:      layout_basic, gammafunk_temple_overflow_statue,
          hangedman_decor_clover_reticule

Notes
Turn   | Place    | Note
-------+----------+-------------------------------------------
     0 | D:1      | ytrimaz the Draconian Shapeshifter began the quest for the
                  | Orb.
     0 | D:1      | Reached XP level 1. HP: 16/16 MP: 1/1
     0 | D:1      | magus.rc [v1.9.6]
   105 | D:1      | Reached XP level 2. HP: 17/23 MP: 2/2
   337 | D:1      | Found a faded altar of an unknown god.
   397 | D:1      | You pick up a book of Dangerous Friends and begin
                  | reading...
   397 | D:1      | You add the spells Summon Guardian Golem, Orb of
                  | Destruction and Spellforged Servitor to your library.
   521 | D:1      | You pick up a book of the Senses and begin reading...
   521 | D:1      | You add the spells Dazzling Flash, Agony and Silence to
                  | your library.
   599 | D:1      | You pick up a book of Blasting and begin reading...
   599 | D:1      | You add the spells Volatile Blastmotes, Fulminant Prism and
                  | Iskenderun's Mystic Blast to your library.
   680 | D:1      | Reached XP level 3. HP: 27/28 MP: 3/3
  1279 | D:2      | Reached skill level 4 in Unarmed Combat
  1887 | D:3      | Reached XP level 4. HP: 32/35 MP: 4/4
  1937 | D:3      | Reached skill level 4 in Shapeshifting
  1980 | D:3      | Found Filyugys's Weapon Boutique.
  2112 | D:3      | You pick up a book of Vapours and begin reading...
  2112 | D:3      | You add the spells Poisonous Vapours, Mephitic Cloud and
                  | Freezing Cloud to your library.
  2257 | D:3      | Found a burning altar of Makhleb.
  2257 | D:3      | Found a shimmering altar of Xom.
  2269 | D:3      | HP: 8/35 [crimson imp/+0 dagger of chaos (2)]
  2382 | D:3      | Reached XP level 5. HP: 40/40 MP: 5/5
  2435 | D:3      | You fall into a shaft and drop 1 floor!
  2607 | D:3      | You pick up a book of Weapons and begin reading...
  2607 | D:3      | You add the spells Tukima's Dance and Dimensional Bullseye
                  | to your library.
  2925 | D:4      | Identified the +0 chain mail of Equmahi {rC+ Will+ Dex-4}
  2987 | D:4      | Reached skill level 5 in Unarmed Combat
  3021 | D:4      | Reached XP level 6. HP: 32/47 MP: 6/6
  3330 | D:4      | Reached skill level 5 in Shapeshifting
  3332 | D:4      | HP: 16/70 [killer bee (3)]
  3341 | D:4      | HP: 11/70 [killer bee (5)]
  3344 | D:4      | HP: 5/70 [killer bee (2)]
  3354 | D:4      | HP: 11/47 [killer bee (1)]
  3356 | D:4      | HP: 3/47 [killer bee (8)]
  3358 | D:4      | Slain by a killer bee

Vanquished Creatures
  4 killer bees (D:4)
  A crimson imp (D:3)
  A hound (D:4)
  A sleepcap (D:4)
  A jelly (D:4)
  An iguana (D:3)
  4 adders (D:3)
  3 worms
  6 endoplasms
  4 giant cockroaches
  8 hobgoblins
  15 jackals
  5 kobolds
  2 quokkas
  8 ball pythons
  2 bats
  7 frilled lizards
  9 goblins
  6 rats
88 creatures vanquished.

Table legend:
 A = Non-vault XP
 B = Vault XP
 C = Vault XP percentage of total XP
 D = Non-vault monster count
 E = Vault monster count
 F = Vault count percentage of total count
                 A         B        C        D         E       F
            +---------+---------+-------+---------+---------+-------
      Total |     609 |      50 |   7.6 |      87 |       1 |   1.1
            +---------+---------+-------+---------+---------+-------
        D:1 |      45 |       0 |   0.0 |      27 |       0 |   0.0
        D:2 |      46 |       0 |   0.0 |      26 |       0 |   0.0
        D:3 |     120 |      50 |  29.4 |      20 |       1 |   4.8
        D:4 |     398 |       0 |   0.0 |      14 |       0 |   0.0
            +---------+---------+-------+---------+---------+-------

Skill      XL: |  1  2  3  4  5  6 |
---------------+-------------------+-----
Unarmed Combat | 4 5 |  5.8
Shapeshifting  | 4 5 |  5.5
Fighting       | |  1.1
Dodging        | |  1.7

Action                     |  1- 3 |  4- 6 || total
---------------------------+-------+-------++-------
  Melee: Unarmed           |   136 |   146 ||   282
         Tailslap          |    12 |    11 ||    23
         Punch             |     1 |     6 ||     7
    Use: Potion            |       |     4 ||     4
   Stab: Sleeping          |     1 |       ||     1
 Armour: Skin              |    65 |   101 ||   166
  Dodge: Dodged            |    77 |    75 ||   152

Illustrated notes

Table legend:
 A = Kills in this place as a percentage of kills in the entire game.
 B = Kills by you in this place as a percentage of kills by you in the entire game.
 C = Kills by friends in this place as a percentage of kills by friends in the entire game.
 D = Other kills in this place as a percentage of other kills in the entire game.
 E = Experience gained in this place as a percentage of experience gained in the entire game.
 F = Experience gained in this place divided by the number of levels of this place that you have seen.
                   A       B       C       D       E      F
               +-------+-------+-------+-------+-------+----------------------
         Total | 100.0 | 100.0 |   N/A |   N/A | 100.0 | 164.8
       Dungeon | 100.0 | 100.0 |   N/A |   N/A | 100.0 | 164.8
               +-------+-------+-------+-------+-------+----------------------

Table legend: (Time is in decaauts)
 A = Elapsed time spent in this place.
 B = Non-inter-level travel time spent in this place.
 C = Inter-level travel time spent in this place.
 D = Time resting spent in this place.
 E = Time spent auto-exploring this place.
 F = Levels seen in this place.
 G = Mean time per level.
                   A        B        C        D        E       F      G
               +--------+--------+--------+--------+--------+-----+--------+
         Total |   3333 |   3236 |     97 |      0 |   2607 |   4 |  833.2 |
       Dungeon |   3333 |   3236 |     97 |      0 |   2607 |   4 |  833.2 |
               +--------+--------+--------+--------+--------+-----+--------+

Top non-repeatable levels by time:
     D:2: 1006 daAuts
     D:3: 925 daAuts
     D:1: 856 daAuts
     D:4: 546 daAuts
